 Dungeon Crawl Stone Soup version 0.27-a0-1456-gf5a116941d (webtiles) character file.

Game seed: 7628648283329424491

2230 Kinoniko the Carver (level 9, -3/66 HPs)
             Began as a Demonspawn Berserker on July 6, 2021.
             Was an Elder of Trog.
             Slain by a sky beast (6 damage)
             ... on level 7 of the Dungeon.
             The game lasted 00:08:23 (6783 turns).

Kinoniko the Carver (Demonspawn Berserker)          Turns: 6783, Time: 00:08:24

Health: -3/66      AC: 12    Str: 21    XL:     9   Next: 14%
Magic:  9/9        EV:  9    Int:  8    God:    Trog [****..]
Gold:   39         SH:  0    Dex: 13    Spells: 8/8 levels left

rFire    . . .     SeeInvis .   a - +0 falchion
rCold    + . .     Faith    .   (no shield)
rNeg     . . .     Spirit   .   h - +0 chain mail
rPois    +         Reflect  .   x - +2 helmet
rElec    .         Harm     .   (no cloak)
rCorr    .         Rampage  .   (no gloves)
Will     .....                  (no boots)
Stlth    ..........             z - amulet of regeneration
HPRegen  1.21/turn              A - ring of poison resistance
MPRegen  0.11/turn              n - ring of protection from cold

@: on berserk cooldown, slowed, very slow
A: foul stench 2, sturdy frame 1, demonic magic 1
a: Renounce Religion, Berserk, Trog's Hand, Brothers in Arms


You were on level 7 of the Dungeon.
You worshipped Trog.
Trog was greatly pleased with you.
You visited 1 branch of the dungeon, and saw 7 of its levels.

You collected 316 gold pieces.
You spent 277 gold pieces at shops.

Inventory:

Hand Weapons
 a - a +0 falchion (weapon)
Missiles
 g - 6 curare-tipped darts (quivered)
Armour
 b - a +0 animal skin
 h - a +0 chain mail (worn)
 x - a +2 helmet (worn)
Jewellery
 e - an amulet of faith
 f - a ring of wizardry
 m - a ring of flight
 n - a ring of protection from cold (right hand)
 o - a ring of magical power
 z - an amulet of regeneration (around neck)
 A - a ring of poison resistance (left hand)
Wands
 q - a wand of paralysis (11)
 y - a wand of iceblast (7)
Scrolls
 d - a scroll of holy word
 k - a scroll of enchant weapon
 r - a scroll of brand weapon
 t - a scroll of immolation
 u - 2 scrolls of fog
 B - a scroll of silence
Potions
 c - 2 potions of lignification {unknown}
 i - 3 potions of flight
 j - a potion of ambrosia {unknown}
 p - 2 potions of curing {unknown}
 s - 3 potions of attraction {unknown}
 v - a potion of degeneration {unknown}
 w - a potion of heal wounds


   Skills:
 - Level 4.5 Fighting
 * Level 10.6 Long Blades
 + Level 2.5 Armour
 + Level 2.5 Dodging


You had 8 spell levels left.
You didn't know any spells.
Your spell library was empty.

Dungeon Overview and Level Annotations

Branches:
Dungeon (7/15)             Temple (0/1) D:5

Altars:
Elyvilon
Gozag
Hepliaklqana
Ru
Sif Muna
Vehumet
Wu Jian

Shops:
D:2 (   D:4 *   D:6 !*([?


Innate Abilities, Weirdness & Mutations

You sometimes emit foul miasma when damaged in melee.
Your movements are slightly less encumbered by armour. (ER -2)
Spells you cast may paralyse adjacent enemies.


Message History

Okay, then.
You fail to use your ability.
You are engulfed in a cloud of scalding steam.
The steam dragon is engulfed in dark miasma.
The steam dragon is poisoned.
The steam dragon seems to slow down.
The steam dragon breathes steam at you. The ball of steam hits you!
* * * LOW HITPOINT WARNING * * *
A sky beast appears from thin air!
Reactivating autopickup.
You hear a loud, deep croak!
You hear a howl!
Unknown command.
Unknown command.
You fail to use your ability.
The steam dragon is engulfed in dark miasma.
The steam dragon looks even sicker.
The steam dragon misses you. The steam dragon claws you.
* * * LOW HITPOINT WARNING * * *
Unknown command.
Unknown command.
Unknown command.
You fail to use your ability.
The orc priest looks encouraged for a moment.
The steam dragon is engulfed in dark miasma.
The steam dragon looks even sicker.
You kill the steam dragon!
Trog accepts your kill.
Unknown command.
Unknown command.
Really walk into that cloud of steam?
Okay, then.
A bullfrog comes into view.
The sky beast hits you but does no damage.
The orc priest calls down the wrath of Beogh upon you.
Beogh smites you!
* * * LOW HITPOINT WARNING * * *
The sky beast hits you.
* * * LOW HITPOINT WARNING * * *
The sky beast shocks you.
You die...

##...#.###########
##.##)#
.######)##)#
........)).#
######§#### #§#
#§# #)# #@# #Y#
#o# #o#


FFy .Z. :.. Z###. You could see a hornet, a sky beast, 2 bullfrogs, an orc
priest, an orc, a centaur zombie and a centaur skeleton (wandering).

Vanquished Creatures
  Sigmund (D:4)
  A steam dragon (D:7)
  2 orc warriors (D:7)
  3 ogres
  A centaur (D:7)
  A necrophage (D:4)
  A phantom (D:4)
  A kobold brigand (D:6)
  3 scorpions
  A water moccasin zombie (D:5)
  A howler monkey (D:4)
  4 hounds
  A bullfrog zombie (D:6)
  3 orc priests (D:3)
  A centaur skeleton (D:5)
  A centaur zombie (D:5)
  2 bullfrog skeletons (D:5)
  2 iguanas
  Ijyb (D:4)
  Natasha (thrice) (D:3)
  3 orc wizards
  A killer bee zombie (D:6)
  A hound skeleton (D:4)
  Robin (D:4)
  8 gnolls
  10 adders
  A white imp (D:5)
  2 worms
  15 orcs
  9 ball pythons
  9 endoplasms
  2 giant cockroaches (D:2)
  8 goblins
  10 hobgoblins
  10 jackals
  7 kobolds
  A quokka (D:2)
  A bat (D:3)
  A frilled lizard (D:3)
  3 rats
137 creatures vanquished.

Vanquished Creatures (others)
  A fungus (D:3)
  3 plants (D:3)
4 creatures vanquished.

Grand Total: 141 creatures vanquished

Notes
Turn   | Place    | Note
-------+----------+-------------------------------------------
     0 | D:1      | Kinoniko the Demonspawn Berserker began the quest for the
                  | Orb.
     0 | D:1      | Reached XP level 1. HP: 18/18 MP: 1/1
     1 | D:1      | Noticed an electric eel
   119 | D:1      | Reached skill level 3 in Long Blades
   132 | D:1      | Gained mutation: You may rarely emit foul miasma when
                  | damaged in melee. [demonic ancestry]
   132 | D:1      | Reached XP level 2. HP: 5/24 MP: 2/2
   914 | D:1      | Found a faded altar of an unknown god.
  1147 | D:2      | Gained mutation: You sometimes emit foul miasma when
                  | damaged in melee. [demonic ancestry]
  1147 | D:2      | Reached XP level 3. HP: 29/29 MP: 3/3
  1281 | D:2      | Found Butriabu's Weapon Boutique.
  1301 | D:2      | Reached skill level 4 in Long Blades
  1380 | D:2      | Reached ** piety under Trog
  1522 | D:2      | You fall into a shaft and drop 2 floors!
  1544 | D:4      | Gained mutation: Spells you cast may paralyse adjacent
                  | enemies. [demonic ancestry]
  1544 | D:4      | Reached XP level 4. HP: 35/35 MP: 4/4
  1612 | D:4      | Noticed Sigmund
  1628 | D:4      | Killed Sigmund
  1629 | D:4      | Reached skill level 6 in Long Blades
  1629 | D:4      | Reached XP level 5. HP: 15/41 MP: 5/5
  1633 | D:4      | Reached XP level 6. HP: 11/47 MP: 6/6
  2321 | D:3      | Reached skill level 7 in Long Blades
  2425 | D:3      | Gained mutation: Your movements are slightly less
                  | encumbered by armour. (ER -2) [demonic ancestry]
  2425 | D:3      | Reached XP level 7. HP: 45/52 MP: 7/7
  3021 | D:3      | Found a shimmering blue altar of Sif Muna.
  3021 | D:3      | Found a hazy altar of Hepliaklqana.
  3314 | D:3      | Found a radiant altar of Vehumet.
  3486 | D:3      | Noticed Natasha
  3491 | D:3      | Killed Natasha
  3505 | D:3      | Found a sacrificial altar of Ru.
  3515 | D:3      | Noticed Natasha
  3523 | D:3      | Killed Natasha
  3523 | D:3      | Reached *** piety under Trog
  3550 | D:3      | Noticed Natasha
  3557 | D:3      | Killed Natasha
  3682 | D:3      | Reached skill level 8 in Long Blades
  4048 | D:4      | Noticed Robin
  4060 | D:4      | Killed Robin
  4454 | D:4      | Noticed Ijyb
  4462 | D:4      | Killed Ijyb
  4715 | D:4      | Found Kiowkuos's Assorted Antiques.
  4733 | D:4      | Reached skill level 9 in Long Blades
  4733 | D:4      | Reached XP level 8. HP: 52/58 MP: 8/8
  4769 | D:4      | Bought a dented bone amulet for 130 gold pieces
  5125 | D:5      | Entered Level 5 of the Dungeon
  5318 | D:5      | Found an opulent altar of Gozag.
  5669 | D:5      | Found a staircase to the Ecumenical Temple.
  6023 | D:6      | Found Orchagiat's Antique Armour Shop.
  6047 | D:6      | Reached **** piety under Trog
  6105 | D:6      | Found Zeanorur's Magic Scroll Boutique.
  6109 | D:6      | Bought a scroll of enchant weapon for 82 gold pieces
  6162 | D:6      | Found Sopnaguf's Weapon Emporium.
  6209 | D:6      | Found Nugese's General Store.
  6215 | D:6      | Reached skill level 10 in Long Blades
  6414 | D:6      | Found Ruheigal's Distillery.
  6467 | D:6      | Found an ornate altar of the Wu Jian Council.
  6616 | D:6      | Bought a potion of heal wounds for 65 gold pieces
  6761 | D:7      | Reached XP level 9. HP: 66/66 MP: 9/9
  6778 | D:7      | HP: 3/66 [orc priest/divine providence (13)]
  6783 | D:7      | HP: 3/66 [sky beast (2)]
  6783 | D:7      | Slain by a sky beast

Illustrated notes

Levels and vault maps discovered:
D:1:      arrival_aquarium_a, layout_loops_ring,
          shapermc_ecumenical_altar_mp_highgroup
D:2:      layout_loops_cross, serial_shops,
          nicolae_shop_competitors_out_of_business, kennysheep_generic_room_8
D:3:      layout_loops_cross, amcnicky_altar_gilded,
          gammafunk_temple_overflow_statue, nicolae_ru_the_path_less_chosen,
          elyvilon_altar_5, uniq_natasha
D:4:      layout_basic, serial_shops, nicolae_shop_competitors_out_of_business,
          minmay_bent, uniq_sigmund, uniq_ijyb, uniq_robin
D:5:      layout_basic, nicolae_gozag_cash_rules_everything_around_me,
          minmay_temple_entry_drinking_statues, roderic_cross_of_infinity
D:6:      layout_rooms, pdpol_wu_jian_five_deadly_venoms, serial_shops,
          nicolae_shop_stone, nicolae_diamond_shop, shop, kennysheep_mini_moat,
          nicolae_inconvenience_store
D:7:      lemuel_slime, layout_loops_corners, general_overflow_altar,
          serial_shops, nicolae_shop_statue_plus, minmay_alternating_orb

Skill      XL: |  1  2  3  4  5  6  7  8 |
---------------+-------------------------+-----
Long Blades    | 3 4 6 7 9 10 | 10.6
Fighting       | 4 |  4.5
Armour         | 2 |  2.5
Dodging        | 2 |  2.5

Action                   |  1- 3 |  4- 6 |  7- 9 || total
-------------------------+-------+-------+-------++-------
Melee: Falchion          |    84 |    98 |   311 ||   493
Invok: Berserk           |     3 |     5 |    11 ||    19
       Trog's Hand       |       |     1 |       ||     1
       Brothers in Arms  |       |       |     1 ||     1
  Use: Scroll            |       |       |    10 ||    10
       Potion            |       |       |     2 ||     2
 Stab: Sleeping          |     1 |       |       ||     1
Armor: Animal skin       |     6 |       |       ||     6
       Chain mail        |    41 |    51 |   121 ||   213
Dodge: Dodged            |    41 |    26 |   119 ||   186
       Rpst.: Falchion   |     9 |    10 |    44 ||    63

Table legend: (Time is in decaauts)
 A = Elapsed time spent in this place.
 B = Non-inter-level travel time spent in this place.
 C = Inter-level travel time spent in this place.
 D = Time resting spent in this place.
 E = Time spent auto-exploring this place.
 F = Levels seen in this place.
 G = Mean time per level.
                   A        B        C        D        E       F      G
               +--------+--------+--------+--------+--------+-----+--------+
         Total |   6909 |   6734 |    175 |   1967 |   3808 |   7 |  987.0 |
       Dungeon |   6909 |   6734 |    175 |   1967 |   3808 |   7 |  987.0 |
               +--------+--------+--------+--------+--------+-----+--------+

Top non-repeatable levels by time:
     D:4: 1762 daAuts
     D:3: 1489 daAuts
     D:1: 1082 daAuts
     D:2: 907 daAuts
     D:5: 879 daAuts
     D:6: 659 daAuts
     D:7: 128 daAuts
